| TOP OF THE 1ST |
|
Louisville Bats batting - Pitching for Sacramento River Cats : RHP John Delaney
|
|
Pitching: RHP John Delaney
|
|
|
Batting: RHB Ryan Short
|
0-0: Called Strike 0-1: Foul Ball, location: 2F 0-2: Foul Ball, location: 2F 0-2: Foul Ball, location: 2F 0-2: Ball 1-2: Ball 2-2: Ball 3-2: Strikes out swinging
|
|
Batting: LHB Satoru Handa
|
0-0: Ball 1-0: Swinging Strike 1-1: Fly out, F9 (Flyball, 9D, EV 86.2 MPH)
|
|
Batting: RHB Bruno André
|
0-0: Ground out 6-3 (Groundball, 6, EV 88.8 MPH)
|
| Top of the 1st over - 0 runs, 0 hits, 0 errors, 0 left on base; Louisville 0 - Sacramento 0 |
| BOTTOM OF THE 1ST |
|
Sacramento River Cats batting - Pitching for Louisville Bats : RHP André Gaillard
|
|
Pitching: RHP André Gaillard
|
|
|
Batting: LHB Kevin Kantor
|
0-0: Foul Ball, location: 2F 0-1: Ball 1-1: Bunt missed! 1-2: Ground out 4-3 (Groundball, 4, EV 88.1 MPH)
|
|
Batting: RHB Dave Crouch
|
0-0: Called Strike 0-1: Called Strike 0-2: Fly out, F7 (Flyball, 78M, EV 71.2 MPH)
|
|
Batting: LHB Terry Ebersole
|
0-0: Ball 1-0: Foul Ball, location: 2F 1-1: Foul Ball, location: 2F 1-2: Strikes out swinging
|
| Bottom of the 1st over - 0 runs, 0 hits, 0 errors, 0 left on base; Louisville 0 - Sacramento 0 |
| TOP OF THE 2ND |
|
Louisville Bats batting - Pitching for Sacramento River Cats : RHP John Delaney
|
|
Batting: SHB Freddie Farrar
|
0-0: SINGLE (Groundball, 56S, EV 70.6 MPH) (infield hit)
|
|
Batting: RHB Danny Real
|
0-0: Ball 1-0: Foul Ball, location: 2F 1-1: Ball 2-1: Ball 3-1: Ground out 5-3 (Groundball, 56S, EV 65.0 MPH) Freddie Farrar to second
|
|
Batting: SHB Paul Sandoval
|
0-0: Called Strike 0-1: Foul Ball, location: 2F 0-2: Strikes out swinging
|
|
Batting: RHB Won-jun Park
|
0-0: Ball 1-0: Ball 2-0: Foul Ball, location: 2F 2-1: Called Strike 2-2: Strikes out swinging
|
| Top of the 2nd over - 0 runs, 1 hit, 0 errors, 1 left on base; Louisville 0 - Sacramento 0 |
| BOTTOM OF THE 2ND |
|
Sacramento River Cats batting - Pitching for Louisville Bats : RHP André Gaillard
|
|
Batting: RHB Troy Trice
|
0-0: Ball 1-0: Swinging Strike 1-1: Ball 2-1: Foul Ball, location: 2F 2-2: Foul Ball, location: 2F 2-2: Ground out 4-3 (Groundball, 4M, EV 80.6 MPH)
|
|
Batting: RHB Brian Rogers
|
0-0: Called Strike 0-1: Called Strike 0-2: Ball 1-2: SINGLE (Flyball, 9S, EV 91.2 MPH)
|
|
Batting: RHB Hugo Zacarias
|
0-0: SINGLE (Groundball, 25, EV 65.6 MPH) (infield hit) Brian Rogers to second
|
|
Batting: RHB Frank Pena
|
0-0: Swinging Strike 0-1: Ball 1-1: Called Strike 1-2: Foul Ball, location: 2F 1-2: Fly out, F8 (Flyball, 8RM, EV 84.4 MPH)
|
|
Batting: RHB Cesar Martinez
|
0-0: Foul Ball, location: 2F 0-1: Ball 1-1: Called Strike 1-2: Ball 2-2: Fielders Choice at 2nd, 6-4 (Groundball, 6, EV 106.2 MPH)
|
| Bottom of the 2nd over - 0 runs, 2 hits, 0 errors, 2 left on base; Louisville 0 - Sacramento 0 |
| TOP OF THE 3RD |
|
Louisville Bats batting - Pitching for Sacramento River Cats : RHP John Delaney
|
|
Batting: RHB Colin Lord
|
0-0: Called Strike 0-1: Ball 1-1: Called Strike 1-2: Ball 2-2: Ground out 6-3 (Groundball, 6, EV 85.0 MPH)
|
|
Batting: RHB Eric Sullivan
|
0-0: Foul Ball, location: 2F 0-1: Foul Ball, location: 2F 0-2: Ball 1-2: Ground out 5-3 (Groundball, 5, EV 103.8 MPH)
|
|
Batting: RHB Ryan Short
|
0-0: Ball 1-0: Ball 2-0: Ball 3-0: Base on Balls
|
|
Batting: LHB Satoru Handa
|
Pickoff Throw to First - Error! E1 Ryan Short to second 0-0: Swinging Strike 0-1: Foul Ball, location: 2F 0-2: Fly out, F8 (Flyball, 8LXD, EV 101.2 MPH)
|
| Top of the 3rd over - 0 runs, 0 hits, 1 error, 1 left on base; Louisville 0 - Sacramento 0 |
| BOTTOM OF THE 3RD |
|
Sacramento River Cats batting - Pitching for Louisville Bats : RHP André Gaillard
|
|
Batting: RHB Nick Wicker
|
0-0: Called Strike 0-1: Ball 1-1: Ground out 4-3 (Groundball, 4S, EV 88.8 MPH)
|
|
Batting: LHB Kevin Kantor
|
0-0: Ball 1-0: Fly out, F3 (Line Drive, 4, EV 65.6 MPH)
|
|
Batting: RHB Dave Crouch
|
0-0: Ground out 5-3 (Groundball, 5S, EV 82.5 MPH)
|
| Bottom of the 3rd over - 0 runs, 0 hits, 0 errors, 0 left on base; Louisville 0 - Sacramento 0 |
| TOP OF THE 4TH |
|
Louisville Bats batting - Pitching for Sacramento River Cats : RHP John Delaney
|
|
Batting: RHB Bruno André
|
0-0: Foul Ball, location: 2F 0-1: Swinging Strike 0-2: Strikes out looking
|
|
Batting: SHB Freddie Farrar
|
0-0: Called Strike 0-1: Ball 1-1: Ground out 4-3 (Groundball, 34, EV 88.1 MPH)
|
|
Batting: RHB Danny Real
|
0-0: SINGLE (Groundball, 5D, EV 93.8 MPH)
|
|
Batting: SHB Paul Sandoval
|
0-0: Foul Ball, location: 2F 0-1: Ball Danny Real steals 2nd base 1-1: Ball 2-1: Foul Ball, location: 2F 2-2: SINGLE (Groundball, 4MD, EV 109.4 MPH) Danny Real to third Runner from 3rd tries for Home, throw by CF and OUT! 8-2
|
| Top of the 4th over - 0 runs, 2 hits, 0 errors, 1 left on base; Louisville 0 - Sacramento 0 |
| BOTTOM OF THE 4TH |
|
Sacramento River Cats batting - Pitching for Louisville Bats : RHP André Gaillard
|
|
Batting: LHB Terry Ebersole
|
0-0: Foul Ball, location: 2F 0-1: Ball 1-1: Foul Ball, location: 2F 1-2: Foul Ball, location: 2F 1-2: Ball 2-2: Ground out 4-3 (Groundball, 4M, EV 82.5 MPH)
|
|
Batting: RHB Troy Trice
|
0-0: Ground out 6-3 (Groundball, 56D, EV 98.1 MPH)
|
|
Batting: RHB Brian Rogers
|
0-0: Swinging Strike 0-1: Foul Ball, location: 2F 0-2: Ball 1-2: Hit by Pitch
|
|
Batting: RHB Hugo Zacarias
|
0-0: Ball 1-0: Foul Ball, location: 2F 1-1: Ball 2-1: Foul Ball, location: 2F 2-2: Ball 3-2: Foul Ball, location: 2F 3-2: Fly out, F9 (Flyball, 9S, EV 88.8 MPH)
|
| Bottom of the 4th over - 0 runs, 0 hits, 0 errors, 1 left on base; Louisville 0 - Sacramento 0 |
| TOP OF THE 5TH |
|
Louisville Bats batting - Pitching for Sacramento River Cats : RHP John Delaney
|
|
Batting: RHB Won-jun Park
|
0-0: Called Strike 0-1: Foul Ball, location: 2F 0-2: Ball 1-2: Ball 2-2: Strikes out swinging
|
|
Batting: RHB Colin Lord
|
0-0: Ball 1-0: Swinging Strike 1-1: Ball 2-1: Swinging Strike 2-2: Strikes out swinging
|
|
Batting: RHB Eric Sullivan
|
0-0: Ball 1-0: Foul Ball, location: 2F 1-1: Ball 2-1: Foul Ball, location: 2F 2-2: Strikes out swinging
|
| Top of the 5th over - 0 runs, 0 hits, 0 errors, 0 left on base; Louisville 0 - Sacramento 0 |
| BOTTOM OF THE 5TH |
|
Sacramento River Cats batting - Pitching for Louisville Bats : RHP André Gaillard
|
|
Batting: RHB Frank Pena
|
0-0: Called Strike 0-1: Ground out 5-3 (Groundball, 5, EV 101.9 MPH)
|
|
Batting: RHB Cesar Martinez
|
0-0: Ground out 6-3 (Groundball, 6MS, EV 85.0 MPH)
|
|
Batting: RHB Nick Wicker
|
0-0: Ball 1-0: Ground out 5-3 (Groundball, 5, EV 83.1 MPH)
|
| Bottom of the 5th over - 0 runs, 0 hits, 0 errors, 0 left on base; Louisville 0 - Sacramento 0 |
| TOP OF THE 6TH |
|
Louisville Bats batting - Pitching for Sacramento River Cats : RHP John Delaney
|
|
Batting: RHB Ryan Short
|
0-0: Ball 1-0: Swinging Strike 1-1: Fly out, F8 (Flyball, 8RS, EV 86.2 MPH)
|
|
Batting: LHB Satoru Handa
|
0-0: Ball 1-0: Called Strike 1-1: Swinging Strike 1-2: Foul Ball, location: 2F 1-2: Ball 2-2: Foul Ball, location: 2F 2-2: Foul Ball, location: 2F 2-2: Strikes out swinging
|
|
Batting: RHB Bruno André
|
0-0: Swinging Strike 0-1: Foul Ball, location: 2F 0-2: Ball 1-2: Ground out 4-3 (Groundball, 4, EV 81.9 MPH)
|
| Top of the 6th over - 0 runs, 0 hits, 0 errors, 0 left on base; Louisville 0 - Sacramento 0 |
| BOTTOM OF THE 6TH |
|
Sacramento River Cats batting - Pitching for Louisville Bats : RHP André Gaillard
|
|
Batting: LHB Kevin Kantor
|
0-0: Swinging Strike 0-1: SINGLE (Groundball, 6MD, EV 79.4 MPH) (infield hit)
|
|
Batting: RHB Dave Crouch
|
0-0: Ball 1-0: SINGLE (Groundball, 6MD, EV 98.1 MPH) Kevin Kantor to second Runner from 2nd tries for 3rd, SAFE, throw by CF made to third
|
|
Batting: LHB Terry Ebersole
|
0-0: Ball 1-0: Called Strike 1-1: DOUBLE (Line Drive, 9LS, EV 113.8 MPH) Kevin Kantor scores Dave Crouch to third Runner from 3rd tries for Home, SAFE, no throw by RF
|
|
Batting: RHB Troy Trice
|
0-0: Ball 1-0: Ball 2-0: Called Strike 2-1: Foul Ball, location: 2F 2-2: Strikes out looking
|
|
Batting: RHB Brian Rogers
|
0-0: DOUBLE (Line Drive, 78D, EV 103.8 MPH) Terry Ebersole scores
|
|
Batting: RHB Hugo Zacarias
|
0-0: Called Strike 0-1: Called Strike 0-2: Foul Ball, location: 2F 0-2: Ground out 5-3 (Groundball, 15, EV 81.9 MPH)
|
|
Batting: RHB Frank Pena
|
0-0: Called Strike 0-1: Swinging Strike 0-2: Strikes out swinging
|
| Bottom of the 6th over - 3 runs, 4 hits, 0 errors, 1 left on base; Louisville 0 - Sacramento 3 |
| TOP OF THE 7TH |
|
Louisville Bats batting - Pitching for Sacramento River Cats : RHP John Delaney
|
|
Now in LF: Hugo Zacarias
|
|
|
Now in RF: Mason Duffy
|
|
|
Batting: SHB Freddie Farrar
|
0-0: Foul Ball, location: 2F 0-1: Called Strike 0-2: Strikes out swinging
|
|
Batting: RHB Danny Real
|
0-0: Foul Ball, location: 2F 0-1: Ground out 5-3 (Groundball, 56, EV 89.4 MPH)
|
|
Batting: SHB Paul Sandoval
|
0-0: Ball 1-0: Foul Ball, location: 2F 1-1: Fly out, F8 (Flyball, 8RD, EV 77.5 MPH)
|
| Top of the 7th over - 0 runs, 0 hits, 0 errors, 0 left on base; Louisville 0 - Sacramento 3 |
| BOTTOM OF THE 7TH |
|
Sacramento River Cats batting - Pitching for Louisville Bats : RHP André Gaillard
|
|
Batting: RHB Cesar Martinez
|
0-0: Ball 1-0: Foul Ball, location: 2F 1-1: Ball 2-1: Foul Ball, location: 2F 2-2: SINGLE (Groundball, P, EV 80.0 MPH) (infield hit)
|
|
Batting: RHB Nick Wicker
|
0-0: Ball 1-0: Ball Cesar Martinez steals 2nd base 2-0: Foul Ball, location: 2F 2-1: Foul Ball, location: 2F 2-2: SINGLE (Groundball, 56D, EV 100.0 MPH) - runner OUT being hit by batted ball. (infield hit)
|
|
Batting: LHB Kevin Kantor
|
0-0: Called Strike 0-1: Ball 1-1: Called Strike Nick Wicker steals 2nd base (no throw) 1-2: Ball 2-2: Ball 3-2: Intentional Walk
|
|
Batting: RHB Dave Crouch
|
0-0: SINGLE (Groundball, 5S, EV 63.1 MPH) (infield hit) Nick Wicker to third Kevin Kantor to second
|
|
Batting: LHB Terry Ebersole
|
0-0: Called Strike 0-1: Ball 1-1: SINGLE (Groundball, 4MD, EV 95.6 MPH) Nick Wicker scores Kevin Kantor to third Dave Crouch to second Runner from 3rd tries for Home, SAFE, throw by CF to home
|
|
Pitching: RHP Omar Vinson
|
|
|
Batting: LHB Mason Duffy
|
0-0: Foul Ball, location: 2F 0-1: Swinging Strike 0-2: Foul Ball, location: 2F 0-2: Ball 1-2: Ball 2-2: Foul Ball, location: 2F 2-2: Foul Ball, location: 2F 2-2: Foul Ball, location: 2F 2-2: Hit by Pitch Dave Crouch to third Terry Ebersole to second
|
|
Batting: RHB Brian Rogers
|
0-0: Ball 1-0: Foul Ball, location: 2F 1-1: Fly out, F7 (Flyball, 7, EV 95.0 MPH)
|
|
Batting: RHB Hugo Zacarias
|
0-0: Foul Ball, location: 2F 0-1: Called Strike 0-2: Ball 1-2: Ball 2-2: Strikes out looking
|
| Bottom of the 7th over - 2 runs, 4 hits, 0 errors, 3 left on base; Louisville 0 - Sacramento 5 |
| TOP OF THE 8TH |
|
Louisville Bats batting - Pitching for Sacramento River Cats : RHP John Delaney
|
|
Batting: RHB Won-jun Park
|
0-0: Ball 1-0: Foul Ball, location: 2F 1-1: Ball 2-1: SINGLE (Groundball, 6MD, EV 95.0 MPH)
|
|
Batting: RHB Colin Lord
|
0-0: Ball 1-0: Foul Ball, location: 2F 1-1: Called Strike 1-2: Ball Balk! Won-jun Park to second 2-2: Strikes out swinging
|
|
Pitching: LHP Mike del Rio
|
|
|
Batting: RHB Eric Sullivan
|
0-0: Ball 1-0: Ball 2-0: Called Strike 2-1: Swinging Strike 2-2: Foul Ball, location: 2F 2-2: Ground out 4-3 (Groundball, 4S, EV 67.5 MPH) Won-jun Park to third
|
|
Batting: RHB Ryan Short
|
0-0: Ball 1-0: Called Strike 1-1: Ball 2-1: Foul Ball, location: 2F 2-2: Ball 3-2: Strikes out swinging
|
| Top of the 8th over - 0 runs, 1 hit, 0 errors, 1 left on base; Louisville 0 - Sacramento 5 |
| BOTTOM OF THE 8TH |
|
Sacramento River Cats batting - Pitching for Louisville Bats : RHP Omar Vinson
|
|
Batting: RHB Frank Pena
|
0-0: Ground out U3 (Groundball, 3, EV 88.8 MPH)
|
|
Batting: RHB Cesar Martinez
|
0-0: Foul Ball, location: 2F 0-1: SINGLE (Line Drive, 89S, EV 112.5 MPH)
|
|
Batting: RHB Nick Wicker
|
0-0: Ball 1-0: Swinging Strike 1-1: Foul Ball, location: 2F 1-2: Ball 2-2: Strikes out looking
|
|
Batting: LHB Kevin Kantor
|
0-0: Called Strike 0-1: Foul Ball, location: 2F 0-2: Ball 1-2: Fielders Choice at 2nd, 6-4 (Groundball, 6, EV 83.8 MPH)
|
| Bottom of the 8th over - 0 runs, 1 hit, 0 errors, 1 left on base; Louisville 0 - Sacramento 5 |
| TOP OF THE 9TH |
|
Louisville Bats batting - Pitching for Sacramento River Cats : LHP Mike del Rio
|
|
Batting: LHB Satoru Handa
|
0-0: Called Strike 0-1: Called Strike 0-2: SINGLE (Line Drive, 8LS, EV 100.6 MPH)
|
|
Batting: RHB Bruno André
|
0-0: Called Strike 0-1: Ball 1-1: Fielders Choice at 2nd, 4-6 (Groundball, 34S, EV 84.4 MPH)
|
|
Batting: SHB Freddie Farrar
|
0-0: Swinging Strike 0-1: Ball 1-1: Ball 2-1: Foul Ball, location: 2F 2-2: Foul Ball, location: 2F 2-2: SINGLE (Groundball, 56D, EV 102.5 MPH) Bruno André to second
|
|
Batting: RHB Danny Real
|
0-0: Foul Ball, location: 2F 0-1: Ball 1-1: SINGLE (Groundball, 4M, EV 105.6 MPH) (infield hit) Bruno André to third Freddie Farrar to second
|
|
Batting: SHB Paul Sandoval
|
0-0: Ball 1-0: Swinging Strike 1-1: Swinging Strike 1-2: Fielders Choice at 2nd, 6-4 (Groundball, 6M, EV 103.8 MPH) Bruno André scores Freddie Farrar to third
|
|
Pitching: RHP Jay Kouns
|
|
|
Batting: RHB Won-jun Park
|
0-0: Called Strike 0-1: Called Strike 0-2: Ball 1-2: Ball 2-2: Foul Ball, location: 2F 2-2: Foul Ball, location: 2F 2-2: Strikes out swinging
|
| Top of the 9th over - 1 run, 3 hits, 0 errors, 2 left on base; Louisville 1 - Sacramento 5 |
|